 Dungeon Sprint DCSS version 0.27-a0-216-g1fbed8a51c (webtiles) character file.

Game seed: 13435065984062013994

4641 mhtbhm the Bludgeoner (level 10, -14/91 HPs)
             Began as a Human Berserker on Jan 31, 2021.
             Was the Champion of Trog.
             Demolished by a komodo dragon (23 damage)
             ... in the Dungeon (Sprint IX: "|||||||||||||||||||||||||||||").
             The game lasted 00:01:39 (1474 turns).

mhtbhm the Bludgeoner (Human Berserker)             Turns: 1474, Time: 00:01:39

Health: -14/91     AC: 15    Str: 23    XL:     10   Next: 70%
Magic:  10/10      EV: 11    Int: 11    God:    Trog [******]
Gold:   18         SH:  0    Dex: 13    Spells: 9/9 levels left

rFire    + . .     SeeInvis .   a - +4 dire flail (flame)
rCold    . . .     Faith    .   (shield currently unavailable)
rNeg     . . .     Spirit   .   b - +1 chain mail
rPois    .         Reflect  .   m - +0 helmet
rElec    .         Harm     .   (no cloak)
rCorr    .         Rampage  .   l - +0 pair of gloves
Will     .....     Rnd*Rage +   (no boots) Stlth ..........NoTele +
                                (no amulet)
HPRegen  0.25/turn              n - +3 ring of strength
MPRegen  0.12/turn              o - +3 ring of intelligence

@: berserk cooldown, slowed, very slow
A: berserk 1, fire resistance 1
a: Renounce Religion, Berserk, Trog's Hand, Brothers in Arms


You were in the Dungeon.
You worshipped Trog.
Trog was exalted by your worship.
You visited 1 branch You collected 18 gold pieces.

Inventory:

Hand Weapons
 a - a +4 dire flail of flaming (weapon)
Armour
 b - a +1 chain mail (worn)
 l - a +0 pair of gloves (worn)
 m - a +0 helmet (worn)
Jewellery
 n - a +3 ring of strength (left hand)
 o - a +3 ring of intelligence (right hand)
Wands
 k - a wand of acid (8)
Scrolls
 h - 2 scrolls of blinking
 j - 4 scrolls of remove curse
 q - a scroll of enchant armour
 r - a scroll of magic mapping
 s - 4 scrolls of enchant weapon
 t - a scroll of fear
 u - a scroll of identify
Potions
 c - 5 potions of curing
 d - 6 potions of heal wounds
 e - 2 potions of haste
 f - 4 potions of magic
 g - a potion of berserk rage
 i - a potion of invisibility
 p - a potion of mutation


   Skills:
 + Level 12.8 Fighting
 + Level 16.5 Maces & Flails
 + Level 9.9 Armour
 + Level 6.3 Dodging
 + Level 2.2 Evocations


You had 9 spell levels left.
You didn't know any spells.
Your spell library was empty.

Dungeon Overview and Level Annotations

Branches:
Dungeon (1/1)

Altars:
Cheibriados
Dithmenos
Elyvilon
Fedhas
Gozag
Hepliaklqana
Kikubaaqudgha
Makhleb
Nemelex Xobeh
Okawaru
Qazlal
Ru
Sif Muna
Trog
Uskayaw
Vehumet
Wu Jian
Xom
Yredelemnul
Zin
The Shining One
Beogh
Jiyva
Lugonu


Innate Abilities, Weirdness & Mutations

You tend to lose your temper in combat.
Your flesh is heat resistant. (rF+)


Message History

The yak misses you.
You impale the yak!! You burn the yak.
You kill the yak!
Trog accepts your kill. Something appears at your feet!
Trog grants you a weapon!
You sock the komodo dragon! You burn the komodo dragon.
The komodo dragon is lightly wounded.
The komodo dragon bites you!
You hit the komodo dragon but do no damage.
The komodo dragon is lightly wounded.
The komodo dragon bites you!
You hit the komodo dragon. You burn the komodo dragon.
The komodo dragon is moderately wounded.
The komodo dragon bites you!!
* * * LOW HITPOINT WARNING * * *
You puncture the komodo dragon! You burn the komodo dragon.
The komodo dragon is heavily wounded.
The komodo dragon bites you!!
You die...

▓_▓.▓.▓
▓_▓.▓.▓
▓_▓.▓.▓
▓_▓.▓.▓
▓_▓.▓.▓
▓_▓.▓.▓
▓_▓.▓†▓
▓_▓.▓†▓
▓_▓.▓@▓
▓_▓.▓l▓
▓_▓.▓.▓
▓_▓.▓.▓
▓_▓.▓.▓
▓_▓.▓.▓
▓_▓.▓.▓
▓_▓.▓.▓
▓'▓.▓


You could see a komodo dragon.

Vanquished Creatures
  A centaur warrior (D)
  A manticore (D)
  A gargoyle (D)
  2 rime drakes (D)
  A cane toad (D)
  A komodo dragon (D)
  A polar bear (D)
  A dream sheep (D)
  2 yaks (D)
  5 water moccasins (D)
  A phantom (D)
  2 wolves (D)
  3 bullfrogs (D)
  A scorpion (D)
  A hound (D)
  A worker ant (D)
  An adder skeleton (D)
  2 orcs (D)
  2 bat skeletons (D)
  2 giant cockroaches (D)
  A hobgoblin (D)
  A jackal (D)
  A frilled lizard (D)
  A goblin (D)
36 creatures vanquished.

Vanquished Creatures (collateral kills)
  A two-headed ogre (D)
  A vampire (D)
  A jelly (D)
3 creatures vanquished.

Grand Total: 39 creatures vanquished

Notes
Turn   | Place    | Note
-------+----------+-------------------------------------------
     0 | D        | mhtbhm the Human Berserker began the quest for the Orb.
     0 | D        | Reached XP level 1. HP: 18/18 MP: 1/1
    14 | D        | Reached ** piety under Trog
   205 | D        | Noticed a hound
   205 | D        | Noticed a worker ant
   211 | D        | Killed a hound
   212 | D        | Reached skill level 5 in Maces & Flails
   212 | D        | Reached XP level 2. HP: 22/26 MP: 2/2
   212 | D        | Reached XP level 3. HP: 27/32 MP: 3/3
   214 | D        | Reached *** piety under Trog
   215 | D        | Reached skill level 5 in Fighting
   215 | D        | Reached XP level 4. HP: 33/39 MP: 4/4
   440 | D        | Found a roughly hewn altar of Beogh.
   440 | D        | Found a snail-covered altar of Cheibriados.
   440 | D        | Found a shadowy altar of Dithmenos.
   440 | D        | Found a white marble altar of Elyvilon.
   440 | D        | Found a blossoming altar of Fedhas.
   440 | D        | Found an opulent altar of Gozag.
   441 | D        | Found a hazy altar of Hepliaklqana.
   442 | D        | Found a viscous altar of Jiyva.
   443 | D        | Found an ancient bone altar of Kikubaaqudgha.
   444 | D        | Found a corrupted altar of Lugonu.
   445 | D        | Found a burning altar of Makhleb.
   446 | D        | Found a sparkling altar of Nemelex Xobeh.
   447 | D        | Found an iron altar of Okawaru.
   448 | D        | Found a stormy altar of Qazlal.
   449 | D        | Found a sacrificial altar of Ru.
   450 | D        | Found a shimmering blue altar of Sif Muna.
   451 | D        | Found a bloodstained altar of Trog.
   452 | D        | Found a hide-covered altar of Uskayaw.
   453 | D        | Found a radiant altar of Vehumet.
   454 | D        | Found an ornate altar of the Wu Jian Council.
   455 | D        | Found a shimmering altar of Xom.
   456 | D        | Found a basalt altar of Yredelemnul.
   457 | D        | Found a glowing silver altar of Zin.
   458 | D        | Found a glowing golden altar of the Shining One.
   511 | D        | Noticed a bullfrog
   511 | D        | Noticed a phantom
   513 | D        | Reached **** piety under Trog
   516 | D        | Killed a bullfrog
   517 | D        | Reached skill level 7 in Maces & Flails
   517 | D        | Reached XP level 5. HP: 47/47 MP: 5/5
   528 | D        | Reached skill level 8 in Maces & Flails
   533 | D        | Killed a phantom
   533 | D        | Reached ***** piety under Trog
   534 | D        | Reached skill level 9 in Maces & Flails
   534 | D        | Reached XP level 6. HP: 56/56 MP: 6/6
   781 | D        | Noticed a centaur warrior
   781 | D        | Noticed a gargoyle
   781 | D        | Noticed a manticore
   781 | D        | Noticed a vampire
   781 | D        | Noticed a two-headed ogre
   790 | D        | Killed a centaur warrior
   790 | D        | Received a gift from Trog
   791 | D        | Reached skill level 10 in Fighting
   791 | D        | Reached skill level 12 in Maces & Flails
   791 | D        | Reached skill level 5 in Armour
   791 | D        | Reached skill level 5 in Dodging
   791 | D        | Reached XP level 7. HP: 66/66 MP: 7/7
   791 | D        | Reached XP level 8. HP: 72/72 MP: 8/8
   797 | D        | Killed a gargoyle
   798 | D        | Reached skill level 13 in Maces & Flails
   801 | D        | Killed a manticore
   802 | D        | Reached XP level 9. HP: 33/81 MP: 9/9
   806 | D        | Killed a two-headed ogre
   807 | D        | Reached skill level 14 in Maces & Flails
   807 | D        | Reached skill level 1 in Evocations
  1198 | D        | Gained mutation: You tend to lose your temper in combat.
                  | [potion of mutation]
  1198 | D        | Gained mutation: Your flesh is heat resistant. (rF+)
                  | [potion of mutation]
  1199 | D        | Noticed a cane toad
  1199 | D        | Noticed a komodo dragon
  1199 | D        | Noticed a rime drake
  1204 | D        | Killed a cane toad
  1208 | D        | Killed a komodo dragon
  1209 | D        | Reached skill level 15 in Maces & Flails
  1211 | D        | Reached XP level 10. HP: 88/89 MP: 10/10
  1219 | D        | Killed a rime drake
  1229 | D        | Received a gift from Trog
  1442 | D        | Noticed a rime drake
  1455 | D        | Reached skill level 16 in Maces & Flails
  1458 | D        | Killed a rime drake
  1459 | D        | Noticed a komodo dragon
  1466 | D        | Reached ****** piety under Trog
  1470 | D        | Received a gift from Trog
  1474 | D        | Demolished by a komodo dragon

Illustrated notes

Levels and vault maps discovered:
D:        linesprint [early_d, line_temple, items_1, d_10, items_2, lair_1,
          lair_end, items_3, orc_1, orc_end, items_4, d_15, swamp_1, shoals_1,
          snake_1, spider_1, d_20, vaults_1, items_5, swamp_end, shoals_end,
          snake_end, spider_end, vaults_end, d_27, items_6, zot_1, zot_end,
          crypt_end, forest_end, elf_end, slime_end, tomb_end, abyss_end,
          pan_hell_end]

Skill      XL: |  1  2  3  4  5  6  7  8  9 10 |
---------------+-------------------------------+-----
Fighting       | 4 5 6 8 10 11 12 | 12.8
Maces & Flails | 5 7 9 12 13 15 16 | 16.5
Armour         | 3 4 5 6 8 9 |  9.9
Dodging        | 3 4 5 6 |  6.3
Evocations     | 1 2 |  2.2

Action                   |  1- 3 |  4- 6 |  7- 9 | 10-12 || total
-------------------------+-------+-------+-------+-------++-------
Melee: Mace              |    23 |     5 |       |       ||    28
       Morningstar       |       |    25 |    16 |    19 ||    60
       Dire flail        |       |       |       |    28 ||    28
Invok: Berserk           |     1 |     2 |     1 |     1 ||     5
       Brothers in Arms  |       |       |     1 |       ||     1
Evoke: Wand              |       |       |     2 |       ||     2
  Use: Potion            |       |       |     2 |       ||     2
Armor: Animal skin       |     3 |       |       |       ||     3
       Chain mail        |       |     8 |    12 |    13 ||    33
Dodge: Dodged            |     9 |    10 |       |     9 ||    28

Table legend: (Time is in decaauts)
 A = Elapsed time spent in this place.
 B = Non-inter-level travel time spent in this place.
 C = Inter-level travel time spent in this place.
 D = Time resting spent in this place.
 E = Time spent auto-exploring this place.
 F = Levels seen in this place.
 G = Mean time per level.
                   A        B        C        D        E       F      G
               +--------+--------+--------+--------+--------+-----+--------+
         Total |   1483 |   1483 |      0 |   1127 |     80 |   1 | 1483.0 |
       Dungeon |   1483 |   1483 |      0 |   1127 |     80 |   1 | 1483.0 |
               +--------+--------+--------+--------+--------+-----+--------+

Top non-repeatable levels by time:
       D: 1483 daAuts
